 Dungeon Crawl Stone Soup version 0.28-a0-381-g937acc2988 (webtiles) character file.

Game seed: 6828987134159663658

202 Demosthentine the Poker (level 5, 0/41 HPs)
             Began as a Merfolk Gladiator on Sept 2, 2021.
             Slain by a black bear (3 damage)
             ... on level 3 of the Dungeon.
             The game lasted 00:02:55 (3303 turns).

Demosthentine the Poker (Merfolk Gladiator)         Turns: 3303, Time: 00:02:55

Health: 0/41       AC:  5    Str: 16    XL:     5   Next: 80%
Magic:  5/5        EV: 14    Int:  7    God:
Gold:   53         SH:  0    Dex: 15    Spells: 4/4 levels left

rFire   . . .      SeeInvis .   a - +0 trident
rCold   . . .      Faith    .   (no shield)
rNeg    . . .      Spirit   .   b - +0 leather armour
rPois   .          Reflect  .   c - +1 helmet
rElec   .          Harm     .   (no cloak)
rCorr   .          Rampage  .   (no gloves)
Will    .....                   (no boots)
Stlth   +.........              (no amulet)
HPRegen 0.13/turn               (no ring)
MPRegen 0.09/turn               (no ring)

@: no status effects
A: (nimble swimmer 2), mertail
a: no special abilities


You were on level 3 of the Dungeon.
You visited 1 branch of the dungeon, and saw 3 of its levels.

You collected 53 gold pieces.

Inventory:

Hand Weapons
 a - a +0 trident (weapon)
Missiles
 d - 2 throwing nets (quivered)
Armour
 b - a +0 leather armour (worn)
 c - a +1 helmet (worn)
Scrolls
 e - a scroll of identify
 j - 2 scrolls of teleportation
Potions
 g - 2 potions of attraction {unknown}
 h - a potion of magic
 i - a potion of brilliance {unknown}
 k - a potion of lignification {unknown}


   Skills:
 + Level 3.6 Fighting
 + Level 5.9 Polearms
 - Level 2.0 Throwing
 + Level 1.7 Armour
 + Level 5.4 Dodging


You had 4 spell levels left.
You didn't know any spells.
Your spell library contained the following spells:

 Spells                   Type           Power      Damage    Failure   Level
 Airstrike                Air            0%         N/A       99%         4
 Summon Lightning Spire   Summ/Air       0%         N/A       99%         4
 Lightning Bolt           Conj/Air       0%         1d11      100%        5


Dungeon Overview and Level Annotations

Branches:
Dungeon (3/15)

Altars:
Dithmenos
Kikubaaqudgha


Innate Abilities, Weirdness & Mutations

((You are quick and stealthy near water. (Stealth+, EV+, Speed+++)))
Your lower body shifts to a powerful aquatic tail in water.


Message History

You puncture the black bear!
The black bear is severely wounded.
The black bear barely misses you. The black bear claws you.
The black bear misses you.
You closely miss the black bear.
The black bear is severely wounded.
The black bear goes berserk!
You barely miss the black bear.
The black bear is severely wounded.
The black bear bites you! The black bear closely misses you.
The black bear barely misses you. The black bear bites you!
The black bear closely misses you. x2
You are too injured to fight recklessly!
You are too injured to fight recklessly!
You are too injured to fight recklessly!
Unknown command.
Throw: 3 throwing nets
Press: ? - help, Q - select action Shift-Dir - straight line, f - black bear
Aim: a black bear (severely wounded, berserk, 68% to hit)
You throw a throwing net. The throwing net hits the black bear.
The black bear is caught in the net!
The black bear is severely wounded.
The black bear struggles against the net.
You hit the black bear but do no damage.
The black bear is severely wounded.
The black bear struggles against the net. x2
You hit the black bear but do no damage.
The black bear is severely wounded.
The black bear struggles against the net.
The net rips apart, and the black bear comes free!
You hit the black bear.
The black bear is severely wounded.
The black bear bites you!
* * * LOW HITPOINT WARNING * * *
The black bear claws you.
* * * LOW HITPOINT WARNING * * *
The black bear claws you but does no damage.
The black bear bites you but does no damage.
The black bear claws you.
You die...

#.###...# #
##.##
.##.####.#
.........#
.#.......###
...#####...#
# #.#.#
#.#.# #.
#@#.#
##..>###h#.#
#........#.#
........##.#
#.###.### .#
... ###


You could see a black bear (berserk).

Vanquished Creatures
  Terence (D:2)
  Natasha (thrice) (D:2)
  3 adders
  3 dart slugs
  5 orcs (D:3)
  3 bats
  3 endoplasms
  4 giant cockroaches
  4 goblins
  5 hobgoblins
  11 jackals
  2 quokkas (D:1)
  4 ball pythons
  3 frilled lizards (D:2)
  4 kobolds
  3 rats (D:1)
61 creatures vanquished.

Notes
Turn   | Place    | Note
-------+----------+-------------------------------------------
     0 | D:1      | Demosthentine the Merfolk Gladiator began the quest for the
                  | Orb.
     0 | D:1      | Reached XP level 1. HP: 16/16 MP: 1/1
   357 | D:1      | Reached XP level 2. HP: 14/23 MP: 2/2
  1050 | D:1      | Reached XP level 3. HP: 22/28 MP: 3/3
  1573 | D:2      | Noticed Natasha
  1580 | D:2      | Killed Natasha
  1581 | D:2      | Reached skill level 5 in Polearms
  1581 | D:2      | Reached skill level 1 in Armour
  1581 | D:2      | Reached XP level 4. HP: 25/35 MP: 4/4
  1737 | D:2      | Found a shadowy altar of Dithmenos.
  1803 | D:2      | Noticed Natasha
  2383 | D:2      | Killed Natasha
  2384 | D:2      | Reached skill level 5 in Dodging
  2384 | D:2      | Reached XP level 5. HP: 31/41 MP: 5/5
  2472 | D:2      | Noticed Terence
  2485 | D:2      | Killed Terence
  2664 | D:2      | Noticed Natasha
  2674 | D:2      | Killed Natasha
  2924 | D:3      | Found an ancient bone altar of Kikubaaqudgha.
  3288 | D:3      | Noticed a black bear
  3303 | D:3      | Slain by a black bear

Illustrated notes

Levels and vault maps discovered:
D:1:      dpeg_arrival_three_bigger_balls, layout_loops_ring,
          serial_co_window_serial, co_window_cross_1, co_window_corner_a,
          co_window_of_opportunity_a, co_window_paths_a, co_window_paths_a,
          co_window_paths_c, co_window_corner_cb, co_window_paths_c,
          co_window_corner_b, co_window_of_opportunity_b, co_window_sun
D:2:      layout_loops_ring, basic_altar, uniq_terence, uniq_natasha
D:3:      layout_loops_ring, mainiacjoe_overflow_six_doors_small

Skill      XL: |  1  2  3  4 |
---------------+-------------+-----
Fighting       | 3 |  3.6
Polearms       | 5 |  5.9
Armour         | 1 |  1.7
Dodging        | 5 |  5.4
Throwing       | |  2.0

Action                   |  1- 3 |  4- 6 || total
-------------------------+-------+-------++-------
Melee: Trident           |    81 |   138 ||   219
Throw: Throwing net      |     1 |     1 ||     2
  Use: Scroll            |     3 |     2 ||     5
       Potion            |       |     1 ||     1
 Stab: Sleeping          |     3 |       ||     3
Armor: Leather armour    |    20 |    27 ||    47
Dodge: Dodged            |    34 |    65 ||    99

Table legend: (Time is in decaauts)
 A = Elapsed time spent in this place.
 B = Non-inter-level travel time spent in this place.
 C = Inter-level travel time spent in this place.
 D = Time resting spent in this place.
 E = Time spent auto-exploring this place.
 F = Levels seen in this place.
 G = Mean time per level.
                   A        B        C        D        E       F      G
               +--------+--------+--------+--------+--------+-----+--------+
         Total |   3311 |   3257 |     54 |    384 |   2402 |   3 | 1103.7 |
       Dungeon |   3311 |   3257 |     54 |    384 |   2402 |   3 | 1103.7 |
               +--------+--------+--------+--------+--------+-----+--------+

Top non-repeatable levels by time:
     D:1: 1572 daAuts
     D:2: 1336 daAuts
     D:3: 403 daAuts
